 Dungeon Crawl Stone Soup version 0.30.1-4-g462c640d31 (webtiles) character file.

Game seed: 3726015529042348063

5487 boopmooplesden the Protected (level 10, -5/132 HPs)
             Began as an Armataur Fighter on Sept 18, 2023.
             Was a Priest of Trog.
             Killed from afar by an orc wizard (8 damage)
             ... with a magic dart
             ... summoned by an orange crystal statue
             ... on level 8 of the Dungeon.
             The game lasted 00:16:13 (9505 turns).

boopmooplesden the Protected (Armataur Fighter)     Turns: 9505, Time: 00:16:14

Health: -5/132     AC: 16    Str: 25      XL:     10   Next: 42%
Magic:  0/10       EV:  7    Int:  7 (8)  God:    Trog [***...]
Gold:   726        SH:  0    Dex: 11      Spells: 9/9 levels left

rFire   + . .        z - +2 morningstar
rCold   + . .        c - +1 buckler
rNeg    . . .        i - +0 chain mail
rPois   +            q - +0 helmet
rElec   +            o - +2 cloak
rCorr   +            r - +0 pair of gloves
SInv    .            (no barding)
Will    .....        B - amulet of reflection Stlth
                     (no ring)
HPRegen 0.42/turn    (no ring)
MPRegen 0.12/turn

%: reflection, roll
@: confused, berserking, resistant, invisible, very quick
A: large, rugged brown scales 3, deformed body, armoured tail, roll, long
tongue, awkward tongue
a: Renounce Religion, Berserk, Trog's Hand


You were on level 8 of the Dungeon.
You worshipped Trog.
Trog was most pleased with you.
You visited 2 branches of the dungeon, and saw 9 of its levels.
You also visited: Sewer.

You collected 726 gold pieces.

Inventory:

Hand Weapons
 a - a +1 flail
 h - a +3 mace of venom
 w - a +2 heavy flail
 z - a +2 morningstar (weapon)
Missiles
 m - 2 throwing nets (quivered)
Armour
 c - a +1 buckler (worn)
 i - a +0 chain mail (worn)
 l - a +8 plate armour of ponderousness
 o - a +2 cloak (worn)
 q - a +0 helmet (worn)
 r - a +0 pair of gloves (worn)
 G - a +3 ring mail
Jewellery
 x - a ring of magical power
 y - a +6 ring of intelligence
 B - an amulet of reflection (around neck)
 K - an amulet of magic regeneration
Wands
 v - a wand of flame (32)
 A - a wand of quicksilver (13)
 C - a wand of roots (8)
 H - a wand of polymorph (15)
Scrolls
 f - 3 scrolls of blinking
 k - a scroll of amnesia
 s - 4 scrolls of identify
 u - 2 scrolls of magic mapping
 F - a scroll of teleportation {unknown}
 I - a scroll of enchant armour
 J - a scroll of brand weapon {unknown}
 N - a scroll of fog {unknown}
Potions
 b - 4 potions of attraction
 d - a potion of degeneration
 e - 5 potions of curing
 g - a potion of mutation
 n - 4 potions of brilliance
 p - a potion of flight
 t - 2 potions of invisibility
 D - a potion of magic
 E - a potion of berserk rage
 L - a potion of might


   Skills:
 + Level 5.7 Fighting
 + Level 9.5 Maces & Flails
 + Level 9.6 Armour
 + Level 2.7 Dodging
 + Level 2.0 Stealth
 + Level 7.3 Shields


You had 9 spell levels left.
You didn't know any spells.
Your spell library contained the following spells:

 Spells                   Type           Power      Damage    Failure   Level
 Magic Dart               Conj           0%         1d3       92%         1
 Call Imp                 Summ           0%         N/A       98%         2
 Cigotuvi's Dreadful Rot  Necr/Pois/Air  0%         N/A       98%         2
 Mephitic Cloud           Conj/Pois/Air  0%         N/A       100%        3
 Dispel Undead            Necr           0%         3d6       100%        4
 Death Channel            Necr           0%         N/A       100%        6


Dungeon Overview and Level Annotations

Branches:
Dungeon (8/15)             Temple (1/1) D:4           Sewer (visited)
   Lair: D:8-11

Altars:
Cheibriados
Dithmenos
Elyvilon
Fedhas
Gozag
Kikubaaqudgha
Makhleb
Nemelex Xobeh
Okawaru
Qazlal
Ru
Sif Muna
Trog
Vehumet
Wu Jian
Xom
Yredelemnul
Zin
The Shining One

Shops:
D:1 (   D:4 :*   D:6 **   D:8 =

Annotations:
D:8 1 runed translucent door, exclusion: 4 orange crystal statues


Innate Abilities, Weirdness & Mutations

You are completely covered in rugged brown scales. (AC +3, +7% HP)
Armour fits poorly on your strangely shaped body.
You have a long armoured tail.
You roll when moving toward enemies. (Rampage)
Your long tongue fully drains potion bottles. (2x potion effects)
Your tongue gives you trouble enunciating. (1.5x scroll delay)


Message History

The gnoll sergeant dies!
The gnoll sergeant's corpse dissolves into shadows!
You feel sick.
The orange crystal statue glitters.
You are more confused.
The orange crystal statue fixes its piercing gaze on you.
You feel your power leaking away. Something hits you but does no damage.
Deactivating autopickup; reactivate with Ctrl-A.
The acid dragon bites you but does no damage.
The acid dragon closely misses you.
You bump into the stone wall.
You feel a strong urge to attack something.
The water moccasin completely misses you.
The howler monkey barely misses you.
The orange crystal statue fixes its piercing gaze on you.
Something tries to feed on your intellect!
The orange crystal statue fixes its piercing gaze on you. x2
Something tries to feed on your intellect!
The howler monkey hits you but does no damage.
You closely miss the acid dragon.
You feel sick.
The acid dragon bites you but does no damage.
The acid dragon claws you but does no damage.
The water moccasin barely misses you.
You hear some strange, mumbled words.
A magic dart appears from out of thin air!
The magic dart hits you!
* * * LOW HITPOINT WARNING * * *
The howler monkey barely misses you.
The howler monkey completely misses you.
You puncture the acid dragon!
The acid dragon is severely wounded.
You feel sick.
You are no longer poisoned.
An orc wizard appears from thin air!
Reactivating autopickup.
The water moccasin barely misses you.
The orc wizard points at you and mumbles some strange words.
The magic dart hits you!
You die...

#.#
#..............##.#.#...
..#
#...####+####.......#...
###
###.#8.....8#.#####.####
# #.#.#...#.#.# #.....
############.#.......#.#
#.##..
.............#.hgh...#.#
#.....
##########.#.#.{hgh..#.##
#.##..
#...#f#hog#.#..####)###.
#####..#8S@hFg8#.......#
##
##.####.####D####.#####.#
######.#.###....)g.....#
#.#
........#.####.#########
#.# .#####...#####.#####
#.# .# ##............#
#.# .#
#########....###### #.#
.# #..#....<..####.#
.####
#.....####......####


You could see 4 orange crystal statues, a water moccasin (summoned, unable to
see you), an acid dragon (summoned, unable to see you, catching breath), a
sleepcap (summoned, unable to see you), a bullfrog (summoned, unable to see
you), 6 howler monkeys, an orc wizard (summoned, unable to see you) and 5
gnolls.

Vanquished Creatures
  The ghost of Psyclone the Covert, a novice OpVM of Gozag (D:7)
  Psyche (D:8)
  A troll (D:7)
  Grinder (D:4)
  Sigmund (D:2)
  Edmund (D:4)
  Duvessa (D:5)
  2 orc warriors (D:8)
  5 sky beasts (D:7)
  A black bear (D:6)
  2 ogres (D:6)
  A centaur (D:8)
  A phantom (D:6)
  3 bullfrogs
  A kobold brigand (D:7)
  A gnoll sergeant (D:7)
  4 scorpions
  Dowan (D:5)
  5 wights (D:6)
  4 killer bees (D:8)
  6 howler monkeys (D:8)
  4 crimson imps (D:5)
  4 hounds
  6 orc priests
  Crazy Yiuf (D:2)
  2 jellies
  4 gnoll boudas
  A sleepcap (D:6)
  5 iguanas
  8 orc wizards
  Terence (D:2)
  10 adders
  27 gnolls
  A river rat (D:3)
  2 shadow imps (D:6)
  2 white imps (D:7)
  An ufetubus (D:5)
  3 worms
  7 dart slugs
  49 orcs
  15 ball pythons
  7 endoplasms
  8 giant cockroaches
  6 goblins
  8 hobgoblins
  5 jackals
  7 kobolds
  6 quokkas
  7 bats
  6 frilled lizards (Sewer)
  4 rats
261 creatures vanquished.

Notes
Turn   | Place    | Note
-------+----------+-------------------------------------------
     0 | D:1      | boopmooplesden the Armataur Fighter began the quest for the
                  | Orb.
     0 | D:1      | Reached XP level 1. HP: 19/19 MP: 1/1
    84 | D:1      | Reached XP level 2. HP: 26/26 MP: 2/2
   216 | D:1      | Found Ixuniga's Weapon Boutique.
  1259 | D:2      | Reached XP level 3. HP: 32/33 MP: 3/3
  1264 | D:2      | Noticed Sigmund
  1269 | D:2      | Reached XP level 4. HP: 22/40 MP: 4/4
  1286 | D:2      | Killed Sigmund
  1287 | D:2      | Reached skill level 5 in Armour
  1287 | D:2      | Reached skill level 1 in Dodging
  1287 | D:2      | Reached XP level 5. HP: 15/48 MP: 5/5
  1290 | D:2      | Reached XP level 6. HP: 15/54 MP: 6/6
  1474 | D:2      | Found a sparkling altar of Nemelex Xobeh.
  1749 | D:2      | Found a runed translucent door.
  1750 | D:2      | Noticed Crazy Yiuf
  1837 | D:2      | Noticed Terence
  1846 | D:2      | Killed Terence
  1926 | D:2      | Found a faded altar of an unknown god.
  2177 | D:2      | Killed Crazy Yiuf
  2426 | D:3      | Found a radiant altar of Vehumet.
  2427 | D:3      | Found a basalt altar of Yredelemnul.
  2550 | D:3      | Found a glowing drain.
  2585 | Sewer    | Entered a sewer
  2804 | Sewer    | Reached XP level 7. HP: 54/62 MP: 7/7
  3333 | D:3      | Reached skill level 5 in Maces & Flails
  3658 | D:4      | Noticed Grinder
  3677 | D:4      | Paralysed by Grinder for 2 turns
  4035 | D:4      | Paralysed by Grinder for 5 turns
  4065 | D:4      | Killed Grinder
  4066 | D:4      | Reached XP level 8. HP: 47/71 MP: 8/8
  4146 | D:4      | Found Moklo's Vocational Training.
  4275 | D:4      | Noticed Edmund
  4286 | D:4      | Killed Edmund
  4427 | D:4      | Found Ganexobra's General Store.
  4492 | D:4      | Found a staircase to the Ecumenical Temple.
  4813 | Temple   | Entered the Ecumenical Temple
  4945 | Temple   | Became a worshipper of Trog the Wrathful
  4985 | D:5      | Entered Level 5 of the Dungeon
  4994 | D:5      | Found a snail-covered altar of Cheibriados.
  5245 | D:5      | Reached skill level 1 in Stealth
  5268 | D:5      | Reached skill level 5 in Shields
  5309 | D:5      | Noticed Dowan
  5319 | D:5      | Killed Dowan
  5319 | D:5      | Noticed Duvessa
  5335 | D:5      | Killed Duvessa
  5369 | D:5      | Found a shimmering altar of Xom.
  5781 | D:5      | Reached * piety under Trog
  5972 | D:6      | Reached XP level 9. HP: 69/77 MP: 9/9
  6502 | D:6      | Found a glowing golden altar of the Shining One.
  6589 | D:6      | Found Uptu's General Store.
  6589 | D:6      | Found Minehyda's Specific Store.
  7374 | D:7      | Found a stormy altar of Qazlal.
  7480 | D:7      | Found a transporter.
  7545 | D:7      | Reached skill level 5 in Fighting
  7549 | D:7      | Reached ** piety under Trog
  7672 | D:7      | Found a transporter.
  7681 | D:7      | Noticed a troll
  7685 | D:7      | Noticed Psyclone's ghost (novice OpVM)
  7832 | D:7      | Identified the +0 war axe "Nacw" {antimagic, rF+ Str+3
                  | Int+2 Stlth-}
  8297 | D:7      | Killed Psyclone's ghost
  8298 | D:7      | Reached XP level 10. HP: 86/86 MP: 10/10
  8758 | D:8      | Found a runed translucent door.
  8761 | D:8      | Found the +10 tower shield of Ignorance {rN+ Int-4}
  8780 | D:8      | Found a runed translucent door.
  8885 | D:8      | Reached *** piety under Trog
  8987 | D:8      | Found Miegah's Jewellery Shoppe.
  9242 | D:8      | Noticed an orange crystal statue
  9247 | D:8      | Noticed Psyche
  9248 | D:8      | Found a burning altar of Makhleb.
  9290 | D:8      | Killed Psyche
  9469 | D:8      | Noticed an orange crystal statue
  9469 | D:8      | Noticed an orange crystal statue
  9469 | D:8      | Noticed an orange crystal statue
  9504 | D:8      | HP: 4/132 [something/magic dart[an orange crystal statue]
                  | (8)]
  9505 | D:8      | Killed from afar by an orc wizard

Illustrated notes

Levels and vault maps discovered:
D:1:      dpeg_chamrin_arrival_tetris, layout_basic, serial_shops, shop
D:2:      layout_loops_ring, basic_altar,
          shapermc_ecumenical_altar_mp_urbaneastern, uniq_crazy_yiuf_cottage,
          uniq_sigmund, uniq_terence
D:3:      layout_basic, mainiacjoe_overflow_divided_tiny, portal_sewer_entry_b
D:4:      layout_rooms, minmay_temple_entry_antechambers, serial_shops,
          nicolae_inconvenience_store, grunt_decor_junction,
          nicolae_shop_vocational, uniq_edmund, uniq_grinder
D:5:      layout_loops_corners, overflow_temple_1_default, led_xom_imps,
          minivault_23, uniq_duvessa
D:6:      layout_rooms, nicolae_tso_carved_into_rock, nicolae_specific_store,
          lightli_orcish_oven
D:7:      layout_cave_pods, lemuel_coloured_pillars_altar, nzn_ghost_randoct
D:8:      layout_loops_ring, amcnicky_altar_gilded, serial_shops, shop,
          chequers_guarded_unrand_ignorance, uniq_psyche
Temple:   bh_familiar_temple

Skill      XL: |  1  2  3  4  5  6  7  8  9 10 |
---------------+-------------------------------+-----
Armour         | 4 5 6 7 9 |  9.6
Fighting       | 3 4 5 |  5.7
Maces & Flails | 2 3 4 5 7 9 |  9.5
Dodging        | 1 2 |  2.7
Shields        | 4 5 6 7 |  7.3
Stealth        | 1 2 |  2.0

Action                     |  1- 3 |  4- 6 |  7- 9 | 10-12 || total
---------------------------+-------+-------+-------+-------++-------
  Melee: Flail             |    68 |    20 |       |       ||    88
         Tailslap          |     6 |    21 |    62 |    16 ||   105
         Mace              |       |   175 |   291 |       ||   466
         Morningstar       |       |       |   125 |   149 ||   274
 Invoke: Berserk           |       |       |     3 |     2 ||     5
    Use: Scroll            |     5 |     1 |    17 |       ||    23
         Potion            |     1 |       |     1 |     6 ||     8
 Armour: Scale mail        |    44 |     3 |       |       ||    47
         Chain mail        |       |   137 |   256 |   131 ||   524
  Dodge: Dodged            |    19 |    67 |   127 |    51 ||   264
  Block: Buckler           |    14 |    59 |   196 |    59 ||   328
         Reflection        |       |       |     1 |     2 ||     3
